 Dungeon Crawl Stone Soup version 0.25.0-10-g039870ee82 (webtiles) character file.

Game seed: 8310881595764418847

987 mopl the Covert (level 8, -14/46 HPs)
             Began as an Octopode Enchanter on June 22, 2020.
             Demolished by Prince Ribbit (18 damage)
             ... on level 4 of the Dungeon.
             The game lasted 00:06:54 (3833 turns).

mopl the Covert (Octopode Enchanter)                Turns: 3833, Time: 00:06:55

Health: -14/46     AC:  5    Str:  7    XL:     8   Next: 18%
Magic:  5/15       EV: 13    Int: 19    God:
Gold:   235        SH:  0    Dex: 13    Spells: 4/16 levels left

rFire    x . .     SeeInvis .   a - +1 dagger
rCold    + . .     Gourm    .   (no shield)
rNeg     . . .     Faith    .   (helmet restricted)
rPois    .         Spirit   .   (no amulet)
rElec    .         Reflect  .   e - ring of ice
rCorr    .         Harm     .   q - +4 ring of protection (curse)
MR       .....                  (no ring)
Stlth    +++++.....             (no ring)
HPRegen  0.15/turn              (no ring)
MPRegen  0.14/turn              (no ring)
                                (no ring)
                                (no ring)

@: no status effects
A: almost no armour, stealthy swim, amphibious, 8 rings, constrict 8, camouflage
1, gelatinous body 1
a: no special abilities


You were on level 4 of the Dungeon.
You were not hungry.

You visited 2 branches of the dungeon, and saw 6 of its levels.

You collected 235 gold pieces.

Inventory:

Hand Weapons
 a - a +1 dagger (weapon)
 u - a +1 short sword of holy wrath
Missiles
 b - a poisoned dart (quivered)
Jewellery
 e - a ring of ice (left tentacle)
 q - a cursed +4 ring of protection (right tentacle)
Scrolls
 d - 2 scrolls of magic mapping {unknown}
 h - a scroll of fog {unknown}
 i - a scroll of random uselessness {unknown}
 j - a scroll of fear {unknown}
 k - 2 scrolls of blinking {unknown}
 m - a scroll of enchant weapon {unknown}
 o - a scroll of immolation {unknown}
 p - 3 scrolls of teleportation {unknown}
Potions
 g - 2 potions of curing
 l - a potion of might
 n - 2 potions of lignification
 r - a potion of stabbing
 s - a potion of haste
 t - a potion of mutation
Comestibles
 c - 6 rations


   Skills:
 - Level 1.0 Short Blades
 - Level 2.0 Dodging
 * Level 8.1 Stealth
 + Level 4.8 Spellcasting
 + Level 0.4 Conjurations
 * Level 5.7 Hexes
 + Level 3.1 Ice Magic


You had 4 spell levels left.
You knew the following spells:

 Your Spells              Type           Power        Failure   Level  Hunger
a - Corona                Hex            ####...      1%          1    None
b - Ensorcelled Hibernat  Hex/Ice        ####..       3%          2    #......
c - Confusing Touch       Hex            ####....     3%          3    ##.....
d - Tukima's Dance        Hex            ####....     3%          3    ##.....
f - Dazzling Flash        Conj/Hex       ###...       11%         3    ##.....

Your spell library contained the following spells:

 Spells                   Type           Power        Failure   Level  Hunger


Dungeon Overview and Level Annotations

Branches:
Dungeon (5/15)             Temple (1/1) D:4

Altars:
Ashenzari
Elyvilon
Fedhas
Gozag
Kikubaaqudgha
Makhleb
Nemelex Xobeh
Okawaru
Qazlal
Ru
Sif Muna
Trog
Uskayaw
Vehumet
Wu Jian
Xom
Zin
The Shining One

Annotations:
D:2 Terence
D:4 Prince Ribbit


Innate Abilities, Weirdness & Mutations

You cannot wear most types of armour.
You are very stealthy in the water. (Stealth+)
You are amphibious.
You can wear up to eight rings at the same time.
You can use your tentacles to constrict eight enemies at once.
Your skin changes colour to match your surroundings (Stealth+).
Your rubbery body absorbs attacks. (AC +1, EV +1)


Message History

Prince Ribbit hits you!
* * * LOW HITPOINT WARNING * * *
The adder skeleton barely misses you. Prince Ribbit barely misses you.
You climb upwards.
There is a stone staircase leading down here.
Unknown command.
Prince Ribbit hits you.
* * * LOW HITPOINT WARNING * * *
Prince Ribbit blinks!
Casting: Ensorcelled Hibernation (safe; 3% risk of failure)
Confirm with . or Enter, or press ? or * to list all spells.
Aiming: Ensorcelled Hibernation (safe; 3% risk of failure)
Press: ? - help, Shift-Dir - straight line, f - Prince Ribbit
Aim: Prince Ribbit (chance to defeat MR: 43%)
You feel a surge of power!
Prince Ribbit resists with some effort.
Prince Ribbit barely misses you. Prince Ribbit barely misses you.
Prince Ribbit closely misses you. Prince Ribbit hits you!!
You die...

....######....# ###########
.........#....# #.........#
#.######.#....# #.....≈.≈.#
#.######......# #....≈≈≈..#
#.#........#.######.....≈_≈≈#####
#.#.####..##............≈≈≈≈.....
#.#.####..........).....≈≈≈......
.......#..........#.........#.###
.......#>.......@................
.......##.##.####F#########.#.###
....#..÷........#.# #...#.###
#.###.###.........# ####.###..÷.
#.###.###.##..##### #...........
#.........##..# #########...
#.###.######..# #....
....#.##......# ####### #....
....#.##......# ##.)...####....


You could see Prince Ribbit.

Vanquished Creatures
  Sigmund (D:2)
  A sky beast (D:4)
  2 scorpions
  2 howler monkeys (D:4)
  A crimson imp (D:4)
  A hound (D:4)
  Crazy Yiuf (D:2)
  5 orc wizards
  A bullfrog skeleton (D:4)
  4 worker ants
  2 adders
  A shadow imp (D:2)
  2 oozes
  4 worms
  3 dart slugs (D:1)
  4 leopard geckos
  18 orcs
  2 ball pythons
  7 giant cockroaches
  12 hobgoblins
  4 jackals (D:1)
  2 quokkas
  10 bats
  7 goblins
  7 kobolds
  A leopard gecko skeleton (D:4)
  5 rats
110 creatures vanquished.

Vanquished Creatures (collateral kills)
  An ogre (D:3)
1 creature vanquished.

Vanquished Creatures (others)
  2 gargoyles (D:1)
  A vine stalker (D:1)
  An elf (D:1)
  2 trolls (D:1)
  A spriggan (D:1)
  A dwarf (D:1)
  3 centaurs (D:1)
  4 kobolds (D:1)
  6 tentacles (D:1)
21 creatures vanquished.

Grand Total: 132 creatures vanquished

Notes
Turn   | Place    | Note
-------+----------+-------------------------------------------
     0 | D:1      | mopl the Octopode Enchanter began the quest for the Orb.
     0 | D:1      | Reached XP level 1. HP: 11/11 MP: 3/3
     3 | D:1      | Killed a troll
     5 | D:1      | Killed a vine stalker
     5 | D:1      | Killed a gargoyle
     6 | D:1      | Killed a gargoyle
     7 | D:1      | Noticed a centaur
     7 | D:1      | Noticed a centaur
     7 | D:1      | Noticed a spriggan
     7 | D:1      | Noticed an elf
     7 | D:1      | Noticed a centaur
     7 | D:1      | Noticed a kraken
     7 | D:1      | Noticed a troll
     7 | D:1      | Noticed a dwarf
     7 | D:1      | Killed a centaur
     8 | D:1      | Killed a troll
     9 | D:1      | Killed a centaur
    10 | D:1      | Killed a dwarf
    12 | D:1      | Killed a spriggan
    13 | D:1      | Killed an elf
    14 | D:1      | Killed a centaur
    43 | D:1      | Reached XP level 2. HP: 6/17 MP: 5/5
    47 | D:1      | Learned a level 2 spell: Ensorcelled Hibernation
   372 | D:1      | Reached XP level 3. HP: 18/21 MP: 6/6
   918 | D:2      | Noticed Sigmund
   943 | D:2      | Killed Sigmund
   943 | D:2      | Reached skill level 5 in Stealth
   943 | D:2      | Reached skill level 1 in Ice Magic
   943 | D:2      | Reached XP level 4. HP: 5/27 MP: 1/9
   943 | D:2      | Reached XP level 5. HP: 6/31 MP: 1/10
   947 | D:2      | Found an ancient bone altar of Kikubaaqudgha.
  1346 | D:2      | Found a runed translucent door.
  1347 | D:2      | Noticed Crazy Yiuf
  1372 | D:2      | Reached XP level 6. HP: 36/36 MP: 11/11
  1377 | D:2      | Learned a level 3 spell: Confusing Touch
  1381 | D:2      | Learned a level 3 spell: Tukima's Dance
  1406 | D:2      | Reached skill level 6 in Stealth
  1623 | D:2      | Noticed Terence
  1832 | D:2      | Killed Crazy Yiuf
  2079 | D:3      | Found a glowing silver altar of Zin.
  2079 | D:3      | Found a sparkling altar of Nemelex Xobeh.
  2080 | D:3      | Found a blossoming altar of Fedhas.
  2171 | D:3      | Reached XP level 7. HP: 41/41 MP: 7/12
  2601 | D:4      | Reached skill level 5 in Hexes
  2610 | D:4      | Reached skill level 7 in Stealth
  2624 | D:4      | Found a blossoming altar of Fedhas.
  3155 | D:4      | Found a staircase to the Ecumenical Temple.
  3160 | Temple   | Entered the Ecumenical Temple
  3605 | D:4      | Reached XP level 8. HP: 29/46 MP: 7/14
  3628 | D:4      | Reached skill level 8 in Stealth
  3633 | D:4      | Learned a level 3 spell: Dazzling Flash
  3794 | D:5      | Entered Level 5 of the Dungeon
  3805 | D:5      | Noticed Prince Ribbit
  3823 | D:4      | HP: 2/46 [Prince Ribbit (3)]
  3833 | D:4      | Demolished by Prince Ribbit

Illustrated notes

Levels and vault maps discovered:
D:1:      nicolae_arrival_kraken_aquarium_b, layout_loops_ring
D:2:      layout_rooms, kiku_gazebo_pond_becter, minmay_quadrilaterals,
          uniq_crazy_yiuf_cottage, uniq_sigmund, uniq_terence
D:3:      layout_basic, gammafunk_temple_overflow_claw
D:4:      layout_basic, minmay_temple_entry_crystal_x, first_ration,
          fedhas_altar_2
D:5:      layout_cave_pools, nicolae_qazlal_general_emergency,
          uniq_prince_ribbit1, uniq_ijyb
Temple:   minmay_temple_curvy_branch

Skill      XL: |  1  2  3  4  5  6  7  8 |
---------------+-------------------------+-----
Stealth        | 5 6 7 8 |  8.1
Spellcasting   | 3 4 |  4.8
Hexes          | 4 5 |  5.7
Ice Magic      | 1 2 3 |  3.1
Short Blades   | |  1.0
Dodging        | |  2.0
Conjurations   | |  0.4

Action                   |  1- 3 |  4- 6 |  7- 9 || total
-------------------------+-------+-------+-------++-------
Melee: Dagger            |    85 |   101 |   123 ||   309
       Constrict         |    20 |    20 |    17 ||    57
       Tentacles         |    12 |     9 |    21 ||    42
 Cast: Ensorcelled Hiber |     5 |     9 |    17 ||    31
       Tukima's Dance    |       |     4 |       ||     4
       Confusing Touch   |       |       |     1 ||     1
  Use: Scroll            |       |     3 |     3 ||     6
 Stab: Sleeping          |     9 |    17 |    24 ||    50
  Eat: Chunk             |       |     5 |     6 ||    11
Armor: Skin              |     5 |     8 |    18 ||    31
Dodge: Dodged            |    60 |    52 |    49 ||   161
